 Dungeon Crawl Stone Soup version 0.25-a0-80-g9b55229ae5 (webtiles) character file.

Game seed: 5374177843824829640, levelgen mode: deterministic

1911031 pianissimo the Slayer (level 27, 207/207 HPs)
             Began as an Octopode Wizard on Nov 7, 2019.
             Was a High Priest of Okawaru.
             Escaped with the Orb
             ... and 4 runes!
             The game lasted 03:48:48 (97323 turns).

pianissimo the Slayer (Octopode Wizard)            Turns: 97323, Time: 03:48:48

Health: 207/207    AC: 11    Str: 31    XL:     27
Magic:  36/36      EV: 31    Int: 26    God:    Okawaru [*****.]
Gold:   224        SH: 41    Dex: 23    Spells: 6/54 levels left

rFire    + + .     SeeInvis +   l - +11 trident "Tynniqid" {elec, +Inv Str+4}
rCold    + . .     Gourm    .   W - +8 large shield of Ycvenu {MR- Dex+4 Slay+5}
rNeg     + . .     Faith    .   X - +5 hat of Hinusif {rF+}
rPois    +         Spirit   .   U - brooch of Shielding {Reflect SH+8}
rElec    +         Reflect  +   Z - ring of Tender Moments {rF+ Int+2 Dex-2 SInv}
rCorr    +         Harm     .   x - ring of protection from magic
MR       +++..                  y - +6 ring of strength
Stlth    +.........             g - +4 ring of evasion
HPRegen  0.44/turn              s - ring "Taup" {rC+ rN+ rCorr Int+2}
MPRegen  0.25/turn              H - +5 ring of protection
                                e - ring "Veerukoth" {MR+ Dex+7 SInv Stlth-}
                                E - ring "Wodoar" {+Fly rPois Str+6 Int+3}

@: hasted, deflect missiles, very quick
A: almost no armour, stealthy swim, amphibious, 8 rings, constrict 8, tentacle
spike 1, camouflage 1, dopey 1, low mp 1, electricity resistance, gelatinous
body 1
0: Orb of Zot
}: 4/15 runes: decaying, slimy, silver, gossamer
a: Heroism, Finesse, Renounce Religion, Evoke Invisibility, Evoke Flight


You escaped.
You worshipped Okawaru.
Okawaru was extremely pleased with you.
You were not hungry.

You visited 11 branches of the dungeon, and saw 55 of its levels.
You visited 2 bazaars.
You visited 1 ziggurat, and saw 5 of its levels.
You also visited: Gauntlet, Ice Cave, Volcano and Wizlab.

You collected 7191 gold pieces.
You spent 6967 gold pieces at shops.

Inventory:

Hand Weapons
 l - the +11 trident "Tynniqid" (weapon) {elec, +Inv Str+4}
   (You found it on level 5 of the Pits of Slime)

   Occasionally, upon striking a foe, it will discharge some electrical energy
   and cause terrible harm.
   It affects your strength (+4).
   It lets you turn invisible.
 A - a +8 antimagic broad axe
Missiles
 d - 7 throwing nets (quivered) {!f}
Armour
 P - a +2 hat of magic resistance
 W - the +8 large shield of Ycvenu (worn) {MR- Dex+4 Slay+5}
   (Okawaru gifted it to you on level 2 of the Elven Halls)

   It affects your dexterity (+4).
   It affects your accuracy and damage with ranged weapons and melee attacks
   (+5).
   It affects your resistance to hostile enchantments.
 X - the +5 hat of Hinusif (worn) {rF+}
   (Okawaru gifted it to you on level 5 of the Realm of Zot)

   It protects you from fire.
Jewellery
 b - an uncursed ring of protection from fire
 e - the ring "Veerukoth" (on tentacle) {MR+ Dex+7 SInv Stlth-}
   (You found it on level 5 of the Pits of Slime)

   [ring of protection from magic]

   It affects your dexterity (+7).
   It affects your resistance to hostile enchantments.
   It lets you see invisible.
   It makes you less stealthy.
 g - a +4 ring of evasion (on tentacle)
 k - a +4 ring of protection
 r - the ring "Jeketuomn" {*Slow rElec rN+ Str+3 Dex+2}
   (You found it in a Gauntlet)

   [ring of strength]

   It affects your strength (+3).
   It affects your dexterity (+2).
   It insulates you from electricity.
   It protects you from negative energy.
   It may slow you when you take damage.
 s - the ring "Taup" (on tentacle) {rC+ rN+ rCorr Int+2}
   (You took it off a deep elf mage on level 3 of the Elven Halls)

   [ring of resist corrosion]

   It affects your intelligence (+2).
   It protects you from cold.
   It protects you from negative energy.
   It provides partial protection from all sources of acid and corrosion.
 x - a ring of protection from magic (right tentacle)
 y - a +6 ring of strength (on tentacle)
 D - an uncursed ring of protection from magic
 E - the ring "Wodoar" (on tentacle) {+Fly rPois Str+6 Int+3}
   (You bought it in a shop on level 4 of the Vaults)

   [ring of poison resistance]

   It affects your strength (+6).
   It affects your intelligence (+3).
   It protects you from poison.
   It lets you fly.
 F - an uncursed ring of protection from cold
 H - a +5 ring of protection (on tentacle)
 Q - a +3 ring of protection
 U - the brooch of Shielding (around mantle) {Reflect SH+8}
   (You took it off a frost giant on level 1 of the Depths)

   [amulet of reflection]

   It shields you and reflects attacks.
   It affects your SH (+8).
 Y - an uncursed ring of fire
 Z - the ring of Tender Moments (left tentacle) {rF+ Int+2 Dex-2 SInv}
   (You found it in a Gauntlet)

   [ring of intelligence]

   It affects your intelligence (+2).
   It affects your dexterity (-2).
   It protects you from fire.
   It lets you see invisible.
Wands
 a - a wand of digging (8)
 f - a wand of paralysis (30)
 n - a wand of clouds (9)
 o - a wand of acid (63)
 I - a wand of iceblast (18)
 K - a wand of enslavement (29)
 M - a wand of scattershot (11)
Scrolls
 i - 9 scrolls of fear
 j - 15 scrolls of teleportation {@r3}
 m - 9 scrolls of fog
 v - a scroll of remove curse {@r2}
 N - 12 scrolls of blinking
 R - 3 scrolls of summoning
Potions
 h - 6 potions of ambrosia
 p - 7 potions of agility
 t - 6 potions of magic
 u - 8 potions of mutation
 w - 3 potions of haste
 z - 6 potions of might
 B - a potion of invisibility
 C - 4 potions of heal wounds
 J - 9 potions of brilliance
 L - 16 potions of curing {@q1}
 O - 7 potions of resistance
 S - 9 potions of lignification
 V - 5 potions of cancellation
Miscellaneous
 q - 2 boxes of beasts
 G - a phial of floods
 T - 4 sacks of spiders
Comestibles
 c - 33 rations


   Skills:
 - Level 22.0 Fighting
 - Level 14.1(16.0) Axes
   Level 3.8(10.1) Maces & Flails
 - Level 12.6(15.1) Polearms
 - Level 15.0 Dodging
 + Level 4.6 Stealth
 - Level 20.0 Shields
 - Level 14.0 Spellcasting
 - Level 1.0 Conjurations
 - Level 5.0 Hexes
 - Level 7.0 Charms
 - Level 13.0 Summonings
 - Level 6.0 Necromancy
 - Level 5.0 Translocations
 - Level 8.0 Air Magic
 - Level 2.0 Poison Magic
 - Level 9.0 Invocations
 + Level 18.1 Evocations


You had 6 spell levels left.
You knew the following spells:

 Your Spells              Type           Power        Failure   Level  Hunger
a - Summon Forest         Summ/Tloc      ######....   4%          5    ##.....
b - Swiftness             Chrm/Air       ######..     1%          2    None
c - Blink                 Tloc           N/A          1%          2    None
d - Animate Dead          Necr           N/A          4%          4    None
e - Mephitic Cloud        Conj/Pois/Air  #####...     3%          3    None
f - Summon Lightning Spi  Summ/Air       ######..     1%          4    None
g - Regeneration          Chrm/Necr      ######....   1%          3    None
h - Animate Skeleton      Necr           N/A          1%          1    None
i - Dispel Undead         Necr           #####...     14%         5    ##.....
j - Deflect Missiles      Chrm/Air       ######....   38%         6    ####...
k - Confusing Touch       Hex            #####.       1%          1    None
l - Silence               Hex/Air        ######....   11%         5    ##.....
m - Summon Hydra          Summ           ######....   24%         7    ######.

Your spell library contained the following spells:

 Spells                   Type           Power        Failure   Level  Hunger
 Apportation              Tloc           #####.       1%          1    None
 Infusion                 Chrm           ####         1%          1    None
 Pain                     Necr           ####         1%          1    None
 Shock                    Conj/Air       ####         1%          1    None
 Summon Small Mammal      Summ           ####         1%          1    None
 Call Imp                 Summ           ######..     1%          2    None
 Corpse Rot               Necr           N/A          1%          2    None
 Poisonous Vapours        Pois/Air       #####.       1%          2    None
 Shroud of Golubria       Chrm/Tloc      #####.       1%          2    None
 Slow                     Hex            #####...     1%          2    None
 Song of Slaying          Chrm           ######..     1%          2    None
 Sublimation of Blood     Necr           #####.....   1%          2    None
 Call Canine Familiar     Summ           ######..     1%          3    None
 Recall                   Summ/Tloc      N/A          1%          3    None
 Spectral Weapon          Hex/Chrm       #####...     1%          3    None
 Summon Guardian Golem    Hex/Summ       ######..     1%          3    None
 Vampiric Draining        Necr           #####.....   1%          3    None
 Confuse                  Hex            #####...     2%          3    None
 Gell's Gravitas          Tloc           #####.....   2%          3    None
 Lesser Beckoning         Tloc           #####.....   2%          3    None
 Static Discharge         Conj/Air       #####...     2%          3    None
 Airstrike                Air            ######....   2%          4    None
 Magic Dart               Conj           ###.         3%          1    None
 Sting                    Conj/Pois      ####         3%          1    None
 Ensorcelled Hibernation  Hex/Ice        ####..       3%          2    None
 Flame Tongue             Conj/Fire      ###..        4%          1    None
 Dazzling Spray           Conj/Hex       ####..       4%          3    None
 Ozocubu's Armour         Chrm/Ice       #####...     4%          3    None
 Summon Ice Beast         Ice/Summ       ######..     4%          4    None
 Beastly Appendage        Tmut           ###...       6%          1    None
 Freeze                   Ice            ###.         6%          1    None
 Searing Ray              Conj           ###...       6%          2    None
 Throw Frost              Conj/Ice       ###...       7%          2    None
 Cause Fear               Hex            #####.....   8%          4    None
 Sticks to Snakes         Tmut           ###.....     9%          2    None
 Excruciating Wounds      Chrm/Necr      ######....   11%         5    ##.....
 Spider Form              Tmut/Pois      ###.......   12%         3    None
 Conjure Flame            Conj/Fire      ###.....     14%         3    None
 Ignite Poison            Fire/Tmut/Pois ###.....     14%         3    None
 Stone Arrow              Conj/Erth      ###...       14%         3    None
 Agony                    Necr           #####...     14%         5    ##.....
 Force Lance              Conj/Tloc      ####....     17%         4    None
 Fulminant Prism          Conj/Hex       ####......   17%         4    None
 Leda's Liquefaction      Hex/Erth       ####......   21%         4    None
 Lightning Bolt           Conj/Air       #####.....   26%         5    ##.....
 Iskenderun's Battlesphe  Conj/Chrm      #####...     30%         5    ##.....
 Iskenderun's Mystic Bla  Conj           ###.....     36%         4    None
 Bolt of Draining         Conj/Necr      #####.....   36%         5    ##.....
 Throw Icicle             Conj/Ice       ###.....     43%         4    None
 Borgnjor's Vile Clutch   Necr/Erth      ####......   43%         5    ##.....
 Ice Form                 Ice/Tmut       ###.....     50%         4    None
 Petrify                  Tmut/Erth      ###.....     50%         4    None
 Metabolic Englaciation   Hex/Ice        ####......   50%         5    ##.....
 Yara's Violent Unravell  Hex/Tmut       ####......   50%         5    ##.....
 Death Channel            Necr           #####.....   58%         6    ####...
 Venom Bolt               Conj/Pois      ####......   65%         5    ##.....
 Irradiate                Conj/Tmut      ###.......   78%         5    ##.....
 Conjure Ball Lightning   Conj/Air       #####.....   80%         6    ####...
 Blade Hands              Tmut           ###.......   85%         5    ##.....
 Freezing Cloud           Conj/Ice/Air   ####......   95%         6    ####...
 Simulacrum               Ice/Necr       ####......   95%         6    ####...
 Bolt of Cold             Conj/Ice       ###.......   100%        6    ####...
 Bolt of Fire             Conj/Fire      ###.......   100%        6    ####...
 Hydra Form               Tmut           ###.......   100%        6    ####...
 Ozocubu's Refrigeration  Ice            ###.......   100%        6    ####...
 Statue Form              Tmut/Erth      ###......    100%        6    ####...
 Haunt                    Necr/Summ      ######....   69%         7    ######.
 Dragon Form              Tmut           ###.......   100%        7    ######.
 Ring of Flames           Chrm/Fire      #####.....   100%        7    ######.
 Borgnjor's Revivificati  Necr           #####.....   100%        8    #######
 Death's Door             Chrm/Necr      ######....   100%        8    #######
 Discord                  Hex            #####.....   100%        8    #######
 Ignition                 Fire           ###.......   100%        8    #######
 Infestation              Necr           #####.....   100%        8    #######
 Necromutation            Tmut/Necr      ####......   100%        8    #######
 Tornado                  Air            ######....   100%        9    #######


Dungeon Overview and Level Annotations

Branches:
Dungeon (15/15)            Temple (1/1) D:6            Lair (6/6) D:8
  Swamp (4/4) Lair:4       Spider (4/4) Lair:3        Slime (5/5) Lair:6
    Orc (2/2) D:12            Elf (3/3) Orc:2        Vaults (5/5) D:14
  Crypt (0/3) Vaults:3     Depths (5/5) D:15            Zot (5/5) Depths:5
  IceCv (visited)         Volcano (visited)          WizLab (visited)
Gauntlet (visited)

Altars:
Cheibriados
Elyvilon
Gozag
Hepliaklqana
Makhleb
Nemelex Xobeh
Okawaru
Ru
Sif Muna
Trog
Uskayaw
Vehumet
Wu Jian
Xom
Yredelemnul
Zin
The Shining One
Beogh
Jiyva

Shops:
Orc:2 =(*[(   Elf:3 !   Vaults:1 *([   Vaults:4 =   Depths:4 **   Depths:5 :(}?

Portals:
Hell: Depths:1 Depths:2 Depths:3 Depths:4 Depths:5
Abyss: Depths:2 Depths:4 Depths:5
Pandemonium: Depths:1 Depths:2 Depths:3
Trove: D:11 (give 14 potions of heal wounds)

Annotations:
Spider:3 1 runed translucent door, Nyppol's ghost, journeyman GrGl
Elf:2 3 runed translucent doors
Depths:4 5 transporters
Zot:1 1 transporter


Innate Abilities, Weirdness & Mutations

You cannot wear most types of armour.
You are very stealthy in the water. (Stealth+)
You are amphibious.
You can wear up to eight rings at the same time.
You can use your tentacles to constrict eight enemies at once.
Your skin changes colour to match your surroundings (Stealth+).
Your rubbery body absorbs attacks. (AC +1, EV +1)
One of your tentacles bears a spike.
You are dopey. (Int -2)
Your magical capacity is low. (-10% MP)
You are resistant to electric shocks. (rElec)


Message History

A hell beast comes into view.
There is a stone staircase leading down here.
You impale the hell beast!!
Lightning courses through the hell beast!
You pierce the hell beast!
You squeeze the hell beast. You puncture the hell beast!
Lightning courses through the hell beast!
You kill the hell beast!
Okawaru accepts your kill.
No target in view!
You feel yourself slow down.
You see here a +0 dagger.
There is a stone staircase leading down here.
An Orb Guardian comes into view.
You feel yourself speed up. You block the Orb Guardian's attack.
You block the Orb Guardian's attack. You block the Orb Guardian's attack.
There is a staircase leading out of the dungeon here.
You block the Orb Guardian's attack.
You have escaped!

# #...#.##.#
##....P..≈≈≈≈..##
# #.)...##.#
#P≈.P≈....≈..≈.≈#
#..##.##.#
#≈≈.PP≈.PP....P.#
#..##.##.#
##≈≈......P....##
#........#
#≈≈≈≈≈PP.....≈≈.#
#####.####
#≈.#....≈.......#
#...#
##.#P.≈..P.≈≈.P.#
#####.###
##PX..P.≈≈P.≈≈≈#
...##.#
#@.......P≈≈..#
#..##.#
###############
#..##.# ......#
#..#### #..# ...#
####


You could see an Orb Guardian.

Vanquished Creatures
  the Royal Jelly (Slime:5)
  4 orbs of fire (Zot:5)
  An ancient lich (Zot:5)
  Sojobo (Vaults:4)
  Saint Roka (Vaults:1)
  8 Killer Klowns
  5 golden dragons
  the Enchantress (Depths:3)
  2 bone dragons
  2 electric golems (Zot:5)
  12 tentacled monstrosities
  2 liches (Depths:5)
  26 Orb Guardians
  7 titans
  A deep elf master archer (Elf:3)
  2 deep elf blademasters (Elf:3)
  4 death cobs
  2 quicksilver dragons
  13 acid blobs
  11 shadow dragons
  2 thorn hunters (Depths:3)
  4 sphinxes
  3 draconian monks
  Donald (Spider:1)
  10 tengu reavers
  4 storm dragons
  8 fire giants
  9 azure jellies
  12 frost giants
  2 ghost moths (Spider:4)
  Louise (Depths:4)
  5 draconian knights
  2 large abominations
  3 deep elf elementalists
  2 draconian scorchers
  3 draconian shifters
  16 vault wardens
  10 emperor scorpions
  5 deep elf sorcerers (Elf:3)
  2 draconian stormcallers
  21 very ugly things
  2 draconian annihilators
  A reaper (Depths:2)
  5 spriggan defenders
  22 stone giants
  A juggernaut skeleton (Depths:2)
  17 ironheart preservers
  A green draconian (Zot:2)
  9 entropy weavers
  A lorocyproca (D:13)
  7 white draconians
  A war gargoyle (Vaults:4)
  14 deep elf demonologists
  9 red draconians
  5 yellow draconians
  2 vampire knights
  6 deep elf annihilators
  A dire elephant (D:15)
  4 black draconians
  A minotaur (Gauntlet)
  12 purple draconians
  5 spark wasps
  Azrael (D:14)
  2 merfolk javelineers (Depths:2)
  9 fire dragons
  4 death oozes (Slime:5)
  9 deep elf death magi
  7 ettins
  7 statues (WizLab)
  Snorg (D:10)
  3 merfolk impalers
  Josephine (D:14)
  2 jiangshi
  4 deep elf high priests
  6 great orbs of eyes
  19 yaktaur captains
  13 ogre magi
  A shambling mangrove (Depths:3)
  4 spriggan air magi
  5 ice dragons
  Harold (D:8)
  A hell beast (D:1)
  6 rakshasas
  27 vault guards
  11 hydras
  2 catoblepae
  12 centaur warriors
  4 ghost crabs
  15 alligators
  2 death knights (Vaults:1)
  4 death yaks
  50 two-headed ogres
  3 deep troll shamans
  2 hell hogs (Depths:4)
  A queen ant (Gauntlet)
  16 dancing weapons
  6 tengu warriors
  4 vampire magi
  An orc high priest (Orc:1)
  7 deep troll earth magi
  4 spriggan berserkers
  2 soul eaters
  22 deep elf knights
  A shock serpent (shapeshifter) (Vaults:5)
  2 sun demons (Depths:1)
  5 hell knights
  3 shadow wraiths
  An iron troll (Depths:5)
  A spark wasp zombie (Depths:2)
  2 skeletal warriors (Vaults:1)
  A sea snake (shapeshifter) (Vaults:5)
  21 deep trolls
  4 flayed ghosts
  3 wizards
  4 glowing orange brains
  A swamp dragon (shapeshifter) (Vaults:5)
  Pikel (D:4)
  19 deep elf archers
  A lindwurm (Lair:6)
  6 swamp dragons
  7 phantasmal warriors
  9 orc knights
  A spectral hydra (Swamp:4)
  2 harpies (Vaults:4)
  9 ironbrand convokers
  80 deep elf magi
  6 necromancers
  14 orb spiders
  A shining eye (Slime:2)
  A stone giant zombie (Vaults:3)
  2 wolf spider zombies (D:15)
  A human zombie (Vaults:3)
  3 manticores
  19 wolf spiders
  An orb spider (shapeshifter) (D:13)
  4 orc sorcerers
  A cyclops (shapeshifter) (Vaults:1)
  15 moths of wrath
  5 cyclopes
  A salamander (D:15)
  An iron dragon skeleton (Depths:3)
  3 centaur zombies
  A rust devil (Depths:1)
  4 black mambas
  22 ugly things
  11 vault sentinels
  6 molten gargoyles
  2 torpor snails
  An ice statue (Gauntlet)
  A spiny frog (shapeshifter) (D:15)
  Psyche (D:12)
  An eye of devastation (Slime:5)
  An efreet (D:12)
  6 swamp worm zombies (Swamp:4)
  A hellion (Depths:1)
  3 rime drakes
  A rime drake (shapeshifter) (Vaults:3)
  10 spiny frogs
  11 komodo dragons
  4 kobold demonologists
  6 freezing wraiths
  7 demonic crawlers
  41 yaktaurs
  A merfolk (D:12)
  12 trolls
  18 jumping spiders
  A queen bee (Lair:1)
  A meliai (shapeshifter) (Depths:1)
  A red devil (Depths:2)
  4 tengu conjurers
  3 hydra zombies (Swamp:4)
  12 polar bears (IceCv)
  Grinder (D:3)
  3 meliai (Spider:3)
  8 hippogriffs
  A jumping spider (shapeshifter) (Vaults:1)
  2 queen bees (shapeshifter)
  45 slime creatures
  15 hornets
  19 blink frogs
  A slime creature (shapeshifter) (Vaults:5)
  4 dream sheep (Lair:5)
  A meliai zombie (D:12)
  15 tyrant leeches
  A fire giant simulacrum (Vaults:1)
  12 bog bodies
  A human simulacrum (Vaults:3)
  A spectral swamp dragon (Swamp:4)
  2 air elementals
  An alligator zombie (Swamp:4)
  8 spriggans
  A redback (shapeshifter) (Depths:5)
  A shadow (Swamp:3)
  49 redbacks
  6 water elementals
  Eustachio (D:4)
  8 fire bats
  22 tarantellas
  A ynoxinul (Depths:2)
  2 spriggans (shapeshifter)
  A vampire (D:13)
  2 fire elementals (D:14)
  7 wraiths
  A yak (shapeshifter) (Depths:1)
  A fire bat (shapeshifter) (Depths:3)
  A chaos spawn (Depths:2)
  2 wyverns (Lair:4)
  7 basilisks
  26 yaks
  A human (shapeshifter) (Vaults:3)
  A hog (shapeshifter) (Depths:1)
  8 humans (D:14)
  3 hungry ghosts
  2 steam dragons (Lair:6)
  2 neqoxecs
  20 vampire mosquitoes
  5 wargs
  13 insubstantial wisps
  16 swamp worms
  4 soldier ants
  A floating eye (Slime:5)
  14 hell hounds
  6 water moccasins
  A floating eye (shapeshifter) (Vaults:2)
  7 porcupines
  3 swamp drakes
  A sky beast (D:15)
  40 orc warriors
  13 ice beasts
  A black bear (shapeshifter) (Vaults:4)
  3 swamp dragon zombies (Swamp:4)
  2 slaves (D:4)
  A tengu (shapeshifter) (Vaults:1)
  4 necrophages (Lair:3)
  29 ogres
  10 boggarts
  17 centaurs
  4 eyes of draining
  6 phantoms
  10 wolves (IceCv)
  8 crocodiles
  2 big kobolds
  12 bullfrogs
  2 human skeletons (Vaults:3)
  A wyvern zombie (D:9)
  An earth elemental (Elf:2)
  A scorpion (D:8)
  A wyvern skeleton (D:8)
  A hornet simulacrum (Vaults:1)
  A water moccasin skeleton (D:5)
  28 killer bees
  5 howler monkeys
  15 wights
  3 electric eels
  A jelly (D:5)
  10 lava snakes
  8 crimson imps
  2 quasits (Depths:2)
  6 hounds
  3 bullfrog zombies
  A bullfrog skeleton (D:4)
  5 centaur skeletons
  17 orc priests
  Ijyb (D:3)
  Natasha (twice) (D:4)
  2 iguanas
  25 orc wizards
  5 spectral swamp drakes (Swamp:4)
  6 hell rats
  7 worker ants
  A hound zombie (D:11)
  3 howler monkey zombies
  A worker ant zombie (D:7)
  5 gnolls
  11 adders
  A swamp drake zombie (Swamp:4)
  2 shadow imps
  3 white imps (Depths:2)
  An ooze (D:3)
  An adder zombie (D:7)
  An adder skeleton (D:7)
  2 worms (D:3)
  A dart slug (D:2)
  5 leopard geckos
  93 orcs
  6 ball pythons
  11 giant cockroaches
  7 goblins
  6 hobgoblins
  10 jackals
  12 kobolds
  3 quokkas
  8 bats
  4 frilled lizards
  2 jackal zombies
  A quokka skeleton (D:8)
  5 rats
  A butterfly (D:6)
  A crawling corpse (Vaults:5)
  A fungus (Lair:6)
  A starspawn tentacle (Zig:3)
2034 creatures vanquished.

Vanquished Creatures (collateral kills)
  An Orb Guardian (Zot:5)
  3 acid blobs
  A deep elf master archer (Elf:3)
  Gastronok (Lair:1)
  2 tengu reavers
  4 storm dragons
  A draconian monk (Zot:5)
  A vault warden (Vaults:4)
  A draconian knight (Zot:5)
  A ghost moth (Spider:4)
  A ghoul (Vaults:3)
  An orc warlord (Orc:2)
  2 stone giants
  2 very ugly things
  A yellow draconian (Zot:5)
  2 white draconians
  A death ooze (Slime:5)
  2 statues (WizLab)
  4 ogre magi
  3 great orbs of eyes
  3 vault guards
  A jiangshi (Depths:5)
  A hydra (Swamp:1)
  2 ice dragons
  2 death yaks (Lair:5)
  6 two-headed ogres
  2 deep troll earth magi (Depths:3)
  A storm dragon zombie (Depths:3)
  3 deep trolls
  A flayed ghost (Vaults:1)
  A deep elf archer (Vaults:1)
  A necromancer (Depths:3)
  4 orb spiders
  2 ironbrand convokers
  A tengu zombie (Depths:2)
  2 oklob plants (Spider:2)
  9 deep elf magi
  8 ugly things
  A harpy (Vaults:4)
  4 wolf spiders
  An elf zombie (Depths:2)
  A moth of wrath (Zot:2)
  An eye of devastation (Slime:5)
  A minotaur zombie (Gauntlet)
  3 vault sentinels
  A golden dragon simulacrum (Depths:3)
  4 yaktaurs
  4 demonic crawlers
  7 jumping spiders
  3 polar bears (IceCv)
  An alligator zombie (Swamp:4)
  A hornet (Depths:5)
  2 blink frogs (Swamp:3)
  A bog body (Swamp:4)
  8 slime creatures
  3 water elementals (Depths:2)
  A spriggan (Depths:5)
  3 fire bats (Volcano)
  10 redbacks
  4 tarantellas
  3 wraiths
  A human (D:14)
  4 yaks
  A basilisk (Lair:6)
  A hungry ghost (Zig:3)
  A human simulacrum (Vaults:2)
  6 insubstantial wisps
  2 swamp worms
  A swamp worm (shapeshifter) (Depths:5)
  A swamp drake (Swamp:4)
  An eye of draining (Slime:5)
  A black bear (D:9)
  A swamp dragon zombie (Swamp:4)
  8 orc warriors
  2 boggarts (Vaults:3)
  2 ogres
  3 centaurs
  2 bullfrogs
  A wight (D:8)
  A centaur zombie (D:7)
  2 lava snakes (Volcano)
  2 orc priests (Orc:2)
  An orc wizard (D:9)
  Crazy Yiuf (D:4)
  A centaur skeleton (D:7)
  An iguana (D:7)
  Natasha (D:4)
  2 gnolls
  3 adders
  A leopard gecko (D:9)
  18 orcs
  2 kobolds
  6 fungi
  4 plants (Lair:6)
  A starspawn tentacle (Zig:3)
239 creatures vanquished.

Vanquished Creatures (others)
  A tentacled starspawn (Zig:3)
  A fire giant (Depths:1)
  4 stone giants
  4 yaktaur captains
  2 vault guards
  A centaur warrior (Depths:2)
  An alligator (Swamp:4)
  A deep troll shaman (Depths:3)
  A deep elf knight (Vaults:1)
  An unseen horror (D:14)
  2 deep elf archers (Elf:2)
  A deep elf mage (WizLab)
  5 yaktaurs
  A jumping spider (Spider:4)
  2 insubstantial wisps (Swamp:4)
  A swamp drake (Swamp:2)
  2 centaurs
  A crimson imp (D:14)
  A ball lightning (Zot:5)
  A quokka (D:4)
  A briar patch (Depths:3)
  14 fungi
  12 plants
  25 snaplasher vines
  2 starspawn tentacles (Zig:3)
88 creatures vanquished.

Grand Total: 2361 creatures vanquished

Notes
Turn   | Place    | Note
-------+----------+-------------------------------------------
     0 | D:1      | pianissimo the Octopode Wizard began the quest for the Orb.
     0 | D:1      | Reached XP level 1. HP: 11/11 MP: 4/4
   247 | D:1      | Reached skill level 1 in Fighting
   247 | D:1      | Reached XP level 2. HP: 15/18 MP: 1/6
   296 | D:1      | Found a snail-covered altar of Cheibriados.
   627 | D:1      | Learned a level 2 spell: Call Imp
   630 | D:1      | Learned a level 2 spell: Blink
  1092 | D:1      | Learned a level 2 spell: Slow
  1117 | D:2      | Reached XP level 3. HP: 23/23 MP: 2/7
  1985 | D:2      | Reached XP level 4. HP: 24/29 MP: 2/9
  2363 | D:3      | Noticed Grinder
  3172 | D:3      | Reached skill level 2 in Fighting
  3375 | D:3      | Noticed Ijyb
  3776 | D:3      | Reached XP level 5. HP: 26/34 MP: 0/10
  4372 | D:4      | Learned a level 3 spell: Mephitic Cloud
  4471 | D:4      | Found a runed translucent door.
  4472 | D:4      | Noticed Crazy Yiuf
  4483 | D:4      | Killed Crazy Yiuf
  4490 | D:4      | Got a jewelled mace
  4494 | D:4      | Identified the +5 mace of Sunlight {freeze, +Rage +Inv rF+
                  | Stlth-} (You found it on level 4 of the Dungeon)
  4792 | D:4      | Found a white marble altar of Elyvilon.
  4809 | D:4      | Reached skill level 1 in Air Magic
  4902 | D:4      | Reached XP level 6. HP: 35/39 MP: 4/11
  4965 | D:4      | Reached skill level 1 in Poison Magic
  5131 | D:4      | Noticed Natasha
  5135 | D:4      | Killed Natasha
  5223 | D:4      | Noticed a slave
  5223 | D:4      | Noticed a slave
  5223 | D:4      | Noticed a slave
  5545 | D:4      | Noticed Natasha
  5551 | D:4      | Killed Natasha
  5699 | D:4      | Noticed Eustachio
  6119 | D:4      | Noticed a slave
  6129 | D:4      | Noticed Pikel
  6131 | D:4      | Killed a slave
  6322 | D:4      | Noticed Natasha
  6323 | D:4      | Found a white marble altar of Elyvilon.
  6327 | D:4      | Killed Natasha
  6567 | D:4      | Killed a slave
  6610 | D:4      | Killed Pikel
  6610 | D:4      | Reached XP level 7. HP: 38/45 MP: 4/13
  6610 | D:4      | Reached XP level 8. HP: 42/50 MP: 4/14
  6740 | D:4      | Learned a level 3 spell: Conjure Flame
  6741 | D:5      | Entered Level 5 of the Dungeon
  7144 | D:5      | Got an iridescent trident
  7298 | D:5      | Reached skill level 3 in Fighting
  7976 | D:6      | Found a staircase to the Ecumenical Temple.
  7989 | Temple   | Entered the Ecumenical Temple
  8022 | Temple   | Became a worshipper of Warmaster Okawaru
  8198 | D:6      | Found a sparkling altar of Nemelex Xobeh.
  8924 | D:7      | Reached skill level 1 in Invocations
  8924 | D:7      | Reached skill level 1 in Evocations
  9136 | D:7      | Reached skill level 4 in Fighting
  9568 | D:7      | Reached * piety under Okawaru
  9789 | D:7      | Identified the +8 trident "Feoloutu" {venom, rC+ rN+ Dex+3}
                  | (You found it on level 5 of the Dungeon)
  9844 | D:8      | Found a staircase to the Lair.
  9948 | D:8      | Reached XP level 9. HP: 57/59 MP: 15/15
  9958 | D:8      | Noticed a hornet
  9970 | D:8      | Killed a hornet
  9970 | D:8      | Reached skill level 1 in Polearms
  9970 | D:8      | Reached skill level 1 in Shields
 10566 | D:8      | Noticed Harold
 11387 | D:3      | Killed Ijyb
 11387 | D:3      | Reached skill level 5 in Fighting
 11503 | D:3      | Reached ** piety under Okawaru
 11715 | D:3      | Killed Grinder
 11895 | D:4      | Killed Eustachio
 11986 | D:8      | Learned a level 3 spell: Call Canine Familiar
 12190 | D:9      | Reached skill level 5 in Summonings
 12190 | D:9      | Reached XP level 10. HP: 57/66 MP: 8/16
 12563 | D:9      | Reached *** piety under Okawaru
 12621 | D:9      | Found an opulent altar of Gozag.
 12762 | D:9      | Reached skill level 5 in Dodging
 13167 | D:10     | Entered Level 10 of the Dungeon
 13318 | D:10     | Noticed Snorg
 13333 | D:10     | Killed Snorg
 13333 | D:10     | Reached skill level 6 in Fighting
 13333 | D:10     | Reached skill level 5 in Polearms
 13606 | D:10     | Reached **** piety under Okawaru
 14344 | D:11     | Identified the Incunabulum of the Arsonist
 14449 | D:11     | Reached skill level 5 in Evocations
 14625 | D:11     | Reached XP level 11. HP: 67/74 MP: 14/17
 14654 | D:11     | Reached skill level 7 in Fighting
 14891 | D:11     | Found a portal to a secret trove of treasure.
 15089 | D:12     | Found a flickering gateway to a bazaar.
 15206 | Bazaar   | Entered a bazaar
 15262 | Bazaar   | Found Usorchaucw's Jewellery Boutique.
 15280 | Bazaar   | Found Laicw's Armour Emporium.
 15297 | Bazaar   | Found Gutal's Book Boutique.
 15314 | Bazaar   | Found Buarph's Magic Scroll Shoppe.
 15337 | Bazaar   | Bought a scroll of blinking for 67 gold pieces
 15616 | Bazaar   | Bought an uncursed ring of protection from magic for 275
                  | gold pieces
 15616 | Bazaar   | Bought a +2 ring of strength for 82 gold pieces
 15616 | Bazaar   | Bought an uncursed ring of see invisible for 165 gold
                  | pieces
 15632 | Bazaar   | Bought a scroll of identify for 18 gold pieces
 15632 | Bazaar   | Bought a scroll of identify for 18 gold pieces
 15632 | Bazaar   | Bought a scroll of teleportation for 27 gold pieces
 15632 | Bazaar   | Bought a scroll of identify for 18 gold pieces
 15632 | Bazaar   | Bought a scroll of teleportation for 27 gold pieces
 15691 | D:12     | Noticed an eight-headed hydra
 15706 | D:12     | Killed an eight-headed hydra
 15706 | D:12     | Reached ***** piety under Okawaru
 16136 | D:12     | Noticed a brown ugly thing
 16147 | D:12     | Killed a brown ugly thing
 16424 | D:12     | Noticed Psyche
 16442 | D:12     | Killed Psyche
 16649 | D:12     | Reached skill level 5 in Spellcasting
 16683 | D:12     | Found a staircase to the Orcish Mines.
 17192 | D:8      | Killed Harold
 17192 | D:8      | Received a gift from Okawaru
 17192 | D:8      | Reached skill level 5 in Invocations
 17196 | D:8      | Got a bloodstained arbalest {god gift}
 17402 | Lair:1   | Entered Level 1 of the Lair of Beasts
 17441 | Lair:1   | Learned a level 5 spell: Summon Forest
 17700 | Lair:1   | Got a faintly glowing quarterstaff
 17731 | Lair:1   | Noticed Gastronok
 18483 | Lair:1   | Reached XP level 12. HP: 82/82 MP: 20/20
 18951 | Lair:1   | Killed Gastronok
 18951 | Lair:1   | Received a gift from Okawaru
 18951 | Lair:1   | Reached skill level 8 in Fighting
 19547 | Lair:2   | Learned a level 4 spell: Summon Lightning Spire
 19613 | Lair:2   | Found a dark tunnel.
 19697 | Volcano  | Entered a volcano
 20159 | Volcano  | Noticed a two-headed ogre
 20159 | Volcano  | Noticed a two-headed ogre
 20165 | Volcano  | Killed a two-headed ogre
 20165 | Volcano  | Received a gift from Okawaru
 20166 | Volcano  | Found the +7 great mace "Undeadhunter" {disrupt, rN+}
 20167 | Volcano  | Killed a two-headed ogre
 20170 | Volcano  | Noticed a two-headed ogre
 20172 | Volcano  | Noticed an ogre mage
 20174 | Volcano  | Noticed a two-headed ogre
 20177 | Volcano  | Killed a two-headed ogre
 20178 | Volcano  | Killed a two-headed ogre
 20182 | Volcano  | Killed an ogre mage
 20186 | Volcano  | Noticed a two-headed ogre
 20201 | Volcano  | Killed a two-headed ogre
 20398 | Volcano  | Found a bloodstained altar of Trog.
 20429 | Volcano  | Found a bloodstained altar of Trog.
 20749 | Lair:2   | Reached skill level 5 in Translocations
 20915 | Lair:2   | Received a gift from Okawaru
 21153 | Lair:2   | Reached XP level 13. HP: 85/89 MP: 22/22
 21550 | Lair:3   | Got a dazzling short sword
 21620 | Lair:3   | Found a hole to the Spider Nest.
 21859 | Lair:3   | Reached ****** piety under Okawaru
 21907 | Lair:3   | Reached skill level 10 in Polearms
 21916 | Lair:3   | Reached skill level 9 in Fighting
 23875 | Lair:4   | Found a staircase to the Swamp.
 24347 | Lair:4   | Learned a level 2 spell: Swiftness
 24389 | Lair:5   | Reached skill level 5 in Air Magic
 24843 | Lair:5   | Reached skill level 1 in Charms
 25485 | Lair:6   | Entered Level 6 of the Lair of Beasts
 25873 | Lair:6   | Reached skill level 10 in Fighting
 26520 | Lair:6   | Reached skill level 10 in Dodging
 27379 | Lair:6   | Found the +8 frozen axe "Frostbite" {freezing cloud, *Noise
                  | +Fly rC+}
 27391 | Lair:6   | Reached XP level 14. HP: 68/98 MP: 24/26
 27437 | Lair:6   | Received a gift from Okawaru
 28428 | Lair:6   | Found a large runed translucent door.
 28541 | Lair:6   | Reached skill level 11 in Fighting
 28971 | Lair:6   | Found a large runed translucent door.
 29119 | Lair:6   | Found a runed translucent door.
 29120 | Lair:6   | Found a viscous altar of Jiyva.
 29120 | Lair:6   | Noticed an azure jelly
 29120 | Lair:6   | Noticed an azure jelly
 29122 | Lair:6   | Noticed an azure jelly
 29124 | Lair:6   | Found a staircase to the Slime Pits.
 29430 | Lair:6   | Identified the +8 short sword "Widowmaker" {venom, Int+5}
                  | (You found it on level 3 of the Lair of Beasts)
 30581 | D:13     | Found Daalybu's Armour Shop.
 31060 | D:13     | Reached skill level 5 in Shields
 31171 | D:13     | Received a gift from Okawaru
 31245 | D:13     | Found the +12 glaive of Prune {chop}
 31448 | D:14     | Noticed Josephine
 31481 | D:14     | Killed Josephine
 31655 | D:14     | Found a gate leading to a gauntlet.
 31664 | Gauntlet | Entered a Gauntlet
 31664 | Gauntlet | Found a transporter.
 31821 | Gauntlet | Found a transporter.
 31829 | Gauntlet | Found a transporter.
 31831 | Gauntlet | Found a transporter.
 31842 | Gauntlet | Found a transporter.
 31861 | Gauntlet | Found a transporter.
 31871 | Gauntlet | Found a transporter.
 31878 | Gauntlet | Found a runed translucent door.
 31882 | Gauntlet | Found a transporter.
 31901 | Gauntlet | Found a transporter.
 31916 | Gauntlet | Found a transporter.
 31916 | Gauntlet | Found a transporter.
 31963 | Gauntlet | Found a transporter.
 31980 | Gauntlet | Found a transporter.
 31989 | Gauntlet | Found a transporter.
 32642 | Gauntlet | Got a brightly glowing lapis lazuli ring
 32654 | Gauntlet | Identified the ring of Tender Moments {rF+ Int+2 Dex-2
                  | SInv} (You found it in a Gauntlet)
 33119 | Gauntlet | Got a glittering silver ring
 33121 | Gauntlet | Identified the ring "Jeketuomn" {*Slow rElec rN+ Str+3
                  | Dex+2} (You found it in a Gauntlet)
 33156 | Gauntlet | Identified a scroll of acquirement
 33612 | D:14     | Got a smoking mace
 33649 | D:14     | Noticed Azrael
 33662 | D:14     | Reached skill level 12 in Fighting
 33686 | D:14     | Killed Azrael
 34187 | D:14     | Reached XP level 15. HP: 61/107 MP: 16/27
 35032 | D:14     | Found a gate to the Vaults.
 35183 | D:14     | Identified the +4 mace "Qocojent" {crush, rF+ SInv Stlth+}
                  | (You found it on level 14 of the Dungeon)
 35187 | D:15     | Entered Level 15 of the Dungeon
 35219 | D:15     | Found a frozen archway.
 35342 | IceCv    | Entered an ice cave
 35349 | IceCv    | Received a gift from Okawaru
 35928 | IceCv    | Noticed a frost giant
 35954 | IceCv    | Killed a frost giant
 35970 | IceCv    | Reached skill level 13 in Fighting
 37076 | D:15     | Received a gift from Okawaru
 38249 | D:15     | Found a staircase to the Depths.
 38423 | Orc:1    | Entered Level 1 of the Orcish Mines
 38745 | Orc:1    | Reached skill level 14 in Fighting
 38977 | Orc:2    | Entered Level 2 of the Orcish Mines
 39161 | Orc:2    | Found a roughly hewn altar of Beogh.
 39161 | Orc:2    | Found Danliamank's Jewellery Shop.
 39314 | Orc:2    | Bought a +3 ring of protection for 294 gold pieces
 39444 | Orc:2    | HP: 3/112 [orc priest/divine providence (11)]
 39460 | Orc:2    | Found Icunish's General Store.
 39848 | Orc:2    | Bought a potion of might for 52 gold pieces
 39903 | Orc:2    | Found a staircase to the Elven Halls.
 40012 | Orc:2    | Found a roughly hewn altar of Beogh.
 40013 | Orc:2    | Found Qeso's Weapon Boutique.
 40048 | Orc:2    | Found a roughly hewn altar of Beogh.
 40081 | Orc:2    | Found a roughly hewn altar of Beogh.
 40126 | Orc:2    | Found a roughly hewn altar of Beogh.
 40249 | Orc:2    | Noticed an orc warlord
 40296 | Orc:2    | Killed an orc warlord
 40537 | Orc:2    | Found Aquomaif's Antique Armour Emporium.
 40538 | Orc:2    | Found a roughly hewn altar of Beogh.
 40541 | Orc:2    | Found Ykilosoz's Antique Weapon Shoppe.
 40703 | Orc:1    | Received a gift from Okawaru
 40851 | Orc:1    | Got a brightly glowing shield {god gift}
 40857 | Orc:1    | Identified the +2 shield of the Gate {+Blink rPois Str+3
                  | Int+4} (Okawaru gifted it to you on level 1 of the Orcish
                  | Mines)
 41069 | Orc:2    | Bought a glowing broad axe for 224 gold pieces
 41069 | Orc:2    | Bought a runed broad axe for 224 gold pieces
 41981 | Elf:1    | Entered Level 1 of the Elven Halls
 42170 | Elf:1    | Reached XP level 16. HP: 97/119 MP: 26/28
 43662 | Elf:1    | Reached skill level 15 in Fighting
 43916 | Elf:1    | Reached skill level 10 in Shields
 46181 | Elf:2    | Received a gift from Okawaru
 46206 | Elf:2    | Reached XP level 17. HP: 66/129 MP: 27/30
 46547 | Elf:2    | Identified the +8 large shield of Ycvenu {MR- Dex+4 Slay+5}
                  | (Okawaru gifted it to you on level 2 of the Elven Halls)
 46657 | Elf:2    | Found a runed translucent gate.
 46657 | Elf:2    | Found a runed translucent gate.
 46661 | Elf:2    | Reached skill level 16 in Fighting
 46662 | Elf:2    | Found a runed translucent gate.
 46800 | Elf:3    | Entered Level 3 of the Elven Halls
 46899 | Elf:3    | Found Cickum's Distillery.
 46903 | Elf:3    | Bought a potion of invisibility for 144 gold pieces
 46903 | Elf:3    | Bought a potion of curing for 54 gold pieces
 46903 | Elf:3    | Bought a potion of ambrosia for 144 gold pieces
 46903 | Elf:3    | Bought a potion of curing for 54 gold pieces
 46903 | Elf:3    | Bought a potion of mutation for 144 gold pieces
 47239 | Elf:3    | Identified the ring "Taup" {rC+ rN+ rCorr Int+2}
 48014 | Elf:3    | Identified the ring "Ikhliynit" {rPois rC- rN+ Str+4 SInv}
 48061 | Elf:3    | Reached skill level 10 in Summonings
 48220 | Elf:3    | Reached skill level 10 in Spellcasting
 48339 | Elf:3    | Noticed a deep elf blademaster
 48352 | Elf:3    | Killed a deep elf blademaster
 48400 | Elf:3    | Identified the +7 broad axe of Vanity {flame, Stlth+}
 48999 | Elf:3    | Identified the ring of Grontol {Fire Str+2}
 48999 | Elf:3    | Noticed a deep elf master archer
 49021 | Elf:3    | Killed a deep elf master archer
 49250 | Elf:3    | Reached skill level 1 in Axes
 49397 | Elf:3    | Identified the Collected Works on Darkness and the
                  | Snowflakes
 49483 | Elf:3    | Identified the +2 hand crossbow "Vaotwod" {venom, rPois MR+
                  | Str-3 Stlth+} (You found it on level 3 of the Elven Halls)
 49486 | Elf:3    | Noticed a deep elf blademaster
 49617 | Elf:3    | Killed a deep elf blademaster
 49810 | Elf:3    | Noticed a deep elf master archer
 49823 | Elf:3    | Killed a deep elf master archer
 49892 | Elf:3    | Received a gift from Okawaru
 49895 | Elf:3    | Got a dazzling hat {god gift}
 49896 | Elf:3    | Identified the +4 hat of Wasted Space {*Slow MR+ Int+4
                  | Dex+4} (Okawaru gifted it to you on level 3 of the Elven
                  | Halls)
 50293 | Elf:3    | Found Cickum's Distillery.
 51073 | Orc:2    | Bought a scroll of magic mapping for 45 gold pieces
 51330 | Swamp:1  | Entered Level 1 of the Swamp
 51711 | Lair:4   | Learned a level 4 spell: Animate Dead
 51715 | Lair:4   | Learned a level 3 spell: Regeneration
 51901 | Lair:4   | Reached skill level 1 in Necromancy
 52174 | Swamp:1  | Reached XP level 18. HP: 114/137 MP: 27/32
 55021 | Swamp:3  | Received a gift from Okawaru
 56170 | Swamp:3  | Learned a level 1 spell: Animate Skeleton
 56176 | Swamp:3  | Learned a level 5 spell: Dispel Undead
 56178 | Swamp:4  | Entered Level 4 of the Swamp
 56186 | Swamp:4  | Reached skill level 5 in Axes
 56300 | Swamp:4  | Reached skill level 17 in Fighting
 56926 | Swamp:4  | Found a basalt altar of Yredelemnul.
 57685 | Swamp:4  | Noticed a bone dragon
 58047 | Swamp:4  | Killed a bone dragon
 58910 | Swamp:4  | Got a decaying rune of Zot
 59523 | Spider:1 | Entered Level 1 of the Spider Nest
 59618 | Spider:1 | Noticed Donald
 59634 | Spider:1 | Killed Donald
 59766 | Spider:1 | Reached skill level 10 in Evocations
 60450 | Spider:2 | Reached skill level 5 in Necromancy
 60561 | Spider:2 | Received a gift from Okawaru
 60562 | Spider:2 | Identified the +1 hat of Words of Power {rElec rN+}
                  | (Okawaru gifted it to you on level 2 of the Spider Nest)
 60992 | Spider:2 | Reached XP level 19. HP: 135/142 MP: 27/33
 62089 | Spider:3 | Found a runed translucent door.
 62090 | Spider:3 | Noticed Nyppol's ghost (journeyman GrGl)
 62258 | Spider:4 | Entered Level 4 of the Spider Nest
 63729 | Spider:4 | Got a gossamer rune of Zot
 64113 | Vaults:1 | Entered Level 1 of the Vaults
 64252 | Vaults:1 | Received a gift from Okawaru
 64258 | Vaults:1 | Reached skill level 18 in Fighting
 64543 | Vaults:1 | Got an ichor-stained trident {god gift}
 64544 | Vaults:1 | Identified the +7 trident "Muezuphu" {pierce, rElec rF-
                  | Str+3} (Okawaru gifted it to you on level 1 of the Vaults)
 64590 | Vaults:1 | Noticed Saint Roka
 64651 | Vaults:1 | Killed Saint Roka
 65027 | Vaults:1 | Reached XP level 20. HP: 136/153 MP: 35/35
 65214 | Vaults:1 | Received a gift from Okawaru
 65488 | Vaults:1 | Identified the +7 hand crossbow of Circularity {venom, rC+}
 66318 | Vaults:1 | Noticed a Brimstone Fiend
 66721 | Vaults:1 | Found Xiallo's General Store.
 66721 | Vaults:1 | Found Elakaman's Weapon Shoppe.
 66725 | Vaults:1 | Bought a potion of mutation for 112 gold pieces
 66725 | Vaults:1 | Bought a potion of curing for 42 gold pieces
 66737 | Vaults:1 | Found Zirytel's Antique Armour Shoppe.
 67854 | Vaults:2 | Reached skill level 19 in Fighting
 68125 | Vaults:2 | Received a gift from Okawaru
 68501 | Vaults:2 | Learned a level 7 spell: Summon Hydra
 69249 | Vaults:3 | Found a staircase to the Crypt.
 69384 | Vaults:3 | Reached XP level 21. HP: 144/162 MP: 35/37
 70050 | Vaults:3 | Received a gift from Okawaru
 70340 | Vaults:3 | Reached skill level 20 in Fighting
 70819 | Vaults:4 | Found a magical portal.
 72568 | WizLab   | Identified Iskenderun's Compendium of Battle Magic
 72568 | WizLab   | Identified Iskenderun's Compendium of Conjuration
 72597 | WizLab   | Received a gift from Okawaru
 72599 | WizLab   | Identified the Catalogue of the Lucky Voyage
 72606 | WizLab   | Learned a level 1 spell: Confusing Touch
 73171 | Vaults:4 | Reached skill level 21 in Fighting
 73381 | Vaults:4 | Received a gift from Okawaru
 73466 | Vaults:4 | Reached XP level 22. HP: 174/174 MP: 32/38
 73695 | Vaults:4 | Found Plog's Jewellery Shop.
 73714 | Vaults:4 | Bought the ring "Wodoar" {+Fly rPois Str+6 Int+3} for 960
                  | gold pieces
 73740 | Vaults:4 | Bought a +3 ring of protection for 420 gold pieces
 74460 | Vaults:4 | Noticed Sojobo
 75628 | Slime:1  | Entered Level 1 of the Pits of Slime
 76280 | Slime:2  | Reached skill level 15 in Shields
 76512 | Slime:5  | Entered Level 5 of the Pits of Slime
 77408 | Slime:5  | Found a viscous altar of Jiyva.
 77408 | Slime:5  | Noticed the Royal Jelly
 77426 | Slime:5  | Killed the Royal Jelly
 77531 | Slime:5  | Got a slimy rune of Zot
 77540 | Slime:5  | Found the +7 mace of Variability {chain chaos}
 77541 | Slime:5  | Identified the +4 spear of Wuemuafoa {pierce, *Slow +Rage
                  | rN+ Dex+4} (You found it on level 5 of the Pits of Slime)
 77569 | Slime:5  | Identified the ring "Veerukoth" {MR+ Dex+7 SInv Stlth-}
                  | (You found it on level 5 of the Pits of Slime)
 77667 | Slime:5  | Identified the +11 trident "Tynniqid" {elec, +Inv Str+4}
                  | (You found it on level 5 of the Pits of Slime)
 77827 | Slime:5  | Identified the ring of the Modern Cities {Int+5 Dex+5} (You
                  | found it on level 5 of the Pits of Slime)
 77843 | Slime:5  | Got a translucent iron ring
 77844 | Slime:5  | Identified the ring of the Final Chapter {*Tele rC+ Int+4
                  | Slay-4} (You found it on level 5 of the Pits of Slime)
 77891 | Slime:5  | Identified the ring of Osucwywoc {*Tele rC+} (You found it
                  | on level 5 of the Pits of Slime)
 77938 | Slime:5  | Identified the +2 falchion "Yxyo" {slice, rC+ Str-2 Int+3}
                  | (You found it on level 5 of the Pits of Slime)
 78644 | Depths:1 | Entered Level 1 of the Depths
 78711 | Depths:1 | Found a runed translucent door.
 78845 | Depths:1 | Found a gateway to Hell.
 78850 | Depths:1 | Received a gift from Okawaru
 78977 | Depths:1 | Identified the +7 demon whip of Okawaru's Wrath {pain, +Inv
                  | rPois} (Okawaru gifted it to you on level 1 of the Depths)
 79134 | Depths:1 | Found a one-way gate leading to the halls of Pandemonium.
 79669 | Depths:1 | Reached XP level 23. HP: 151/181 MP: 37/39
 79953 | Depths:2 | Reached skill level 22 in Fighting
 80023 | Depths:2 | Received a gift from Okawaru
 80152 | Depths:2 | Found a one-way gate to the infinite horrors of the Abyss.
 80549 | Depths:2 | Noticed a golden dragon
 80563 | Depths:2 | Killed a golden dragon
 81543 | Depths:2 | Learned a level 5 spell: Silence
 81595 | Depths:3 | Reached skill level 1 in Hexes
 81620 | Depths:3 | Received a gift from Okawaru
 81985 | Depths:3 | Identified the +2 large shield of Lyusuck {rPois rN++
                  | Dex-4} (Okawaru gifted it to you on level 3 of the Depths)
 82013 | Depths:3 | Identified the +2 morningstar "Gemal" {venom, +Fly rN++
                  | Str+2} (You found it on level 3 of the Depths)
 82050 | Depths:3 | Reached XP level 24. HP: 189/189 MP: 36/39
 82523 | Depths:3 | You fall into a shaft and drop 2 floors!
 82523 | Depths:5 | Entered Level 5 of the Depths
 82574 | Depths:5 | Reached skill level 5 in Charms
 82597 | Depths:5 | Found Zogur's Weapon Shop.
 82598 | Depths:5 | Found Kybaseor's Magic Scroll Boutique.
 82598 | Depths:5 | Found Qooban's Book Shop.
 82619 | Depths:5 | Found Rierch's Gadget Boutique.
 82623 | Depths:5 | Bought a scroll of teleportation for 60 gold pieces
 82623 | Depths:5 | Bought a scroll of blinking for 150 gold pieces
 82623 | Depths:5 | Bought a scroll of identify for 40 gold pieces
 82623 | Depths:5 | Bought a scroll of fog for 40 gold pieces
 82623 | Depths:5 | Bought 3 scrolls of silence for 450 gold pieces
 82623 | Depths:5 | Bought a scroll of magic mapping for 70 gold pieces
 82623 | Depths:5 | Bought a scroll of identify for 40 gold pieces
 82977 | Depths:5 | Received a gift from Okawaru
 82980 | Depths:5 | Got a crude battleaxe {god gift}
 83066 | Depths:5 | Reached skill level 5 in Hexes
 83241 | Depths:5 | Found a gateway to a ziggurat.
 83272 | Depths:5 | Found a flickering gateway to a bazaar.
 83278 | Bazaar   | Entered a bazaar
 83286 | Bazaar   | Found Asitzuc's Antique Armour Shop.
 83299 | Bazaar   | Found Asekhuh's Gadget Shop.
 83334 | Bazaar   | Bought a sack of spiders for 320 gold pieces
 83791 | Depths:5 | Found a gate to the Realm of Zot.
 83985 | Depths:4 | Found a transporter.
 83986 | Depths:4 | Found a transporter.
 84001 | Depths:4 | Noticed Louise
 84022 | Depths:4 | Killed Louise
 84126 | Depths:4 | Found Hubbaoda's General Store.
 84129 | Depths:4 | Got a shimmering hunting sling
 84215 | Depths:4 | Identified the +9 hunting sling of Ocreosir {velocity,
                  | Str+2 Int+3 Dex-2} (You found it on level 4 of the Depths)
 84306 | Depths:4 | Found Qurphuss's Assorted Antiques.
 84313 | Depths:4 | Bought a potion of heal wounds for 170 gold pieces
 84313 | Depths:4 | Bought a wand of paralysis (12) for 68 gold pieces
 84313 | Depths:4 | Bought a scroll of enchant weapon for 255 gold pieces
 84386 | Depths:4 | Received a gift from Okawaru
 84481 | Depths:4 | Found a transporter.
 84486 | Depths:4 | Found a transporter.
 84637 | Depths:4 | Found a transporter.
 85062 | Depths:3 | Noticed the Enchantress
 85073 | Depths:3 | Killed the Enchantress
 85075 | Depths:3 | Found a radiant altar of Vehumet.
 85333 | Zig:1    | Entered Level 1 of a ziggurat
 85354 | Zig:2    | Entered Level 2 of a ziggurat
 85495 | Zig:2    | Identified the cursed +0 flail "Buuputatz" {crush, *Rage
                  | Str+3 SInv} (You found it on level 2 of a ziggurat)
 85499 | Zig:3    | Entered Level 3 of a ziggurat
 85511 | Zig:3    | Reached XP level 25. HP: 195/195 MP: 35/39
 85530 | Zig:4    | Entered Level 4 of a ziggurat
 85645 | Zig:5    | Entered Level 5 of a ziggurat
 85648 | Zig:5    | Noticed Rerososa the pandemonium lord
 86903 | Vaults:4 | Killed Sojobo
 87132 | Vaults:4 | Reached skill level 15 in Evocations
 87194 | Vaults:5 | Entered Level 5 of the Vaults
 87324 | Vaults:5 | Received a gift from Okawaru
 87325 | Vaults:5 | Found the +18 shield of the Gong {rElec rN+ MR+ EV-5}
 87629 | Vaults:5 | Identified the Handbook of the Unstoppable Lives
 87672 | Vaults:5 | Identified the +4 steam dragon scales "Hepn" {-Tele rC+
                  | Str+3}
 88017 | Vaults:5 | Got a silver rune of Zot
 88081 | Vaults:5 | Identified the +5 flail of Sequestration {elec, rPois rF+}
 88164 | Vaults:5 | Identified Witchery, Part Three
 88254 | Vaults:5 | Received a gift from Okawaru
 88761 | Vaults:5 | Reached XP level 26. HP: 201/201 MP: 39/39
 90865 | Depths:5 | Bought a box of beasts for 280 gold pieces
 90865 | Depths:5 | Bought a wand of clouds (4) for 336 gold pieces
 90865 | Depths:5 | Bought a wand of scattershot (6) for 420 gold pieces
 90865 | Depths:5 | Bought a wand of acid (4) for 224 gold pieces
 90865 | Depths:5 | Bought a sack of spiders for 280 gold pieces
 90865 | Depths:5 | Bought a wand of enslavement (9) for 154 gold pieces
 90958 | Zot:1    | Entered Level 1 of the Realm of Zot
 91045 | Zot:1    | Found a transporter.
 91474 | Zot:2    | Reached skill level 10 in Axes
 91790 | Zot:2    | Received a gift from Okawaru
 92034 | Zot:3    | Noticed a Killer Klown
 92043 | Zot:3    | Killed a Killer Klown
 92051 | Zot:3    | Learned a level 6 spell: Deflect Missiles
 92063 | Zot:3    | Learned a level 7 spell: Summon Hydra
 92160 | Zot:5    | Entered Level 5 of the Realm of Zot
 93512 | Zot:5    | Noticed a Killer Klown
 93527 | Zot:5    | Killed a Killer Klown
 93556 | Zot:5    | Noticed an orb of fire
 93585 | Zot:5    | Killed an orb of fire
 93592 | Zot:5    | Noticed a Killer Klown
 93593 | Zot:5    | Noticed a Killer Klown
 93605 | Zot:5    | Killed a Killer Klown
 93610 | Zot:5    | Killed a Killer Klown
 93610 | Zot:5    | Reached XP level 27. HP: 165/207 MP: 24/40
 93929 | Zot:5    | Received a gift from Okawaru
 94551 | Zot:5    | Noticed an orb of fire
 94581 | Zot:5    | Gained mutation: You are frail. (-10% HP) [an orb of fire]
 94592 | Zot:5    | Killed an orb of fire
 94640 | Zot:5    | Noticed an orb of fire
 94673 | Zot:5    | Gained mutation: You tend to lose your temper in combat.
                  | [an orb of fire]
 94678 | Zot:5    | Gained mutation: You are very frail. (-20% HP) [an orb of
                  | fire]
 94684 | Zot:5    | Gained mutation: Your magical capacity is low. (-10% MP)
                  | [an orb of fire]
 94686 | Zot:5    | Killed an orb of fire
 94763 | Zot:5    | Lost mutation: Your magical capacity is low. (-10% MP)
                  | [potion of mutation]
 94763 | Zot:5    | Lost mutation: You tend to lose your temper in combat.
                  | [potion of mutation]
 94763 | Zot:5    | Gained mutation: One of your tentacles bears a spike.
                  | [potion of mutation]
 94763 | Zot:5    | Gained mutation: You are partially covered in thin metallic
                  | scales. (AC +2) [potion of mutation]
 94764 | Zot:5    | Lost mutation: You are very frail. (-20% HP) [potion of
                  | mutation]
 94764 | Zot:5    | Lost mutation: You are frail. (-10% HP) [potion of
                  | mutation]
 94764 | Zot:5    | Lost mutation: One of your tentacles bears a spike. [potion
                  | of mutation]
 94764 | Zot:5    | Lost mutation: You are partially covered in thin metallic
                  | scales. (AC +2) [potion of mutation]
 94764 | Zot:5    | Gained mutation: You are dopey. (Int -2) [potion of
                  | mutation]
 94764 | Zot:5    | Gained mutation: Your magical capacity is low. (-10% MP)
                  | [potion of mutation]
 94764 | Zot:5    | Gained mutation: You are resistant to electric shocks.
                  | (rElec) [potion of mutation]
 94764 | Zot:5    | Gained mutation: One of your tentacles bears a spike.
                  | [potion of mutation]
 94774 | Zot:5    | Noticed an orb of fire
 94792 | Zot:5    | Killed an orb of fire
 95306 | Zot:5    | Received a gift from Okawaru
 95306 | Zot:5    | Reached skill level 15 in Dodging
 95311 | Zot:5    | Identified the +5 hat of Hinusif {rF+} (Okawaru gifted it
                  | to you on level 5 of the Realm of Zot)
 95894 | Zot:5    | Noticed an ancient lich
 96008 | Zot:5    | Killed an ancient lich
 96687 | Zot:5    | Got the Orb of Zot
 97211 | D:5      | Noticed Linimitz the pandemonium lord
 97323 | D:$      | Escaped with the Orb!

Levels and vault maps discovered:
D:1:      lemuel_arrival_muddy, layout_loops_cross,
          ebering_dispersal_statue_hall, cheibriados_altar_1
D:2:      layout_basic
D:3:      layout_rooms, first_ration, uniq_ijyb, uniq_grinder
D:4:      layout_loops_ring, minmay_misc_feat_rows, elyvilon_altar_4,
          uniq_natasha, uniq_crazy_yiuf_cottage, uniq_pikel, uniq_eustachio
D:5:      layout_basic, eino_curves_04
D:6:      layout_basic, minmay_temple_entry_butterflies, minmay_curled_crystal,
          nemelex_xobeh_ov_fountains_minmay
D:7:      layout_basic, minmay_misc_feat_enclosed
D:8:      layout_loops_corners, lair_entry_dummy, uniq_harold
D:9:      layout_long_grid, nicolae_gozag_cash_rules_everything_around_me
D:10:     layout_roguey, uniq_snorg
D:11:     layout_long_grid, nicolae_trove_entry_diagonal
D:12:     layout_cave_pods, orc_0_dummy, serial_shops, bzr_entry_gold,
          hangedman_fish_farm, uniq_psyche
D:13:     layout_rooms, serial_shops, shop, minmay_guarded_unrand_prune
D:14:     cheibrodos_statue_roulette, layout_layer_cave,
          ximxim_vaults_locker_room, minmay_holes, gauntlet_entry_generic,
          uniq_azrael, uniq_josephine
D:15:     hangedman_depths_entry_try_elsewhere_first, layout_basic,
          portal_ice_cave_entry_ice_beasts, minivault_14, chequers_avenue
Temple:   kilobyte_greek_temple
Lair:1:   layout_roguey [special_room_bee], uniq_gastronok
Lair:2:   layout_regular_city, nicolae_volcano_entry_batcave, wad_woods_02,
          infiniplex_staircase_pool, lemuel_fruit_fields, lemuel_fruit_tree
Lair:3:   layout_regular_city, dummy_spider_entry, st_stairs_11,
          small_statue_intersection, roderic_carrion_pond
Lair:4:   layout_regular_city, minmay_swamp_entry_worms
Lair:5:   layout_regular_city
Lair:6:   cheibrodos_lair_end_hotspot, layout_regular_city, slime_altar_2,
          worms_lemuel
Swamp:1:  layout_basic_swamp, evilmike_swamp_ruin_wall
Swamp:2:  layout_falls_marsh, hangedman_swamp_pad
Swamp:3:  layout_basic_swamp, hangedman_swamp_ruin_wall
Swamp:4:  swamp_pestilence, layout_basic_swamp, swamp_pool1,
          lemuel_altar_in_water
Spider:1: layout_spider_delve, uniq_donald
Spider:2: spider_temple_joshua
Spider:3: layout_spider_delve, gammafunk_ghost_grave
Spider:4: grunt_spider_rune_circles, drop_trap
Slime:1:  layout_caves, basic_altar
Slime:2:  layout_caves, cheibrodos_slime_lost_civilization_5
Slime:3:  layout_caves
Slime:4:  layout_caves
Slime:5
Orc:1:    layout_caves
Orc:2:    grunt_orc_community_town_hall, layout_caves,
          grunt_orc_community_big_house_1, grunt_orc_community_big_house_1,
          grunt_orc_community_house_2, grunt_orc_community_house_3,
          grunt_orc_community_house_1, grunt_orc_community_house_2,
          serial_shops, shop
Elf:1:    minmay_elf_arrival_circle, layout_geoelf_diagonals,
          minmay_elf_crystal_heptagon, grunt_ministairs_10
Elf:2:    layout_rooms, st_stairs_8, abandoned_shop, uniq_louise
Elf:3:    grunt_elf_hall_spiral, layout_loops_corners, serial_shops, shop,
          st_stairs_7, grunt_ministairs_15
Vaults:1: grunt_vaults_trifunnel, hangedman_vaults_slither, v_misc_32,
          hangedman_vaults_impose, v_misc_5, nicolae_vaults_asterisk,
          hangedman_vaults_hard_town_square, layout_vaults_maze,
          portal_desolation_entry_nicolae_slug, uniq_saint_roka
Vaults:2: nicolae_vaults_shelves_hall, vaults_room_semicircle,
          hangedman_vaults_corner_blocks, hangedman_vaults_impose,
          ontoclasm_vaults_pinch, vaults_mumra_hexcomb, ontoclasm_vaults_echo,
          ontoclasm_vaults_decontamination, layout_vaults_quadrants
Vaults:3: v_pattern_3, grunt_vaults_focal, ontoclasm_vaults_water_temple,
          v_misc_10, hangedman_vaults_variations,
          nicolae_vaults_network_quinsquares
          [nicolae_vaults_network_quincunx_subvault,
          nicolae_vaults_network_quincunx_subvault,
          nicolae_vaults_network_quincunx_subvault,
          nicolae_vaults_network_quincunx_subvault],
          minmay_crypt_entry_simple_statues, nicolae_vaults_twisting_passages,
          v_misc_17, vaults_dpeg_hooks, hangedman_vaults_river_flow,
          nicolae_vaults_rhombus_6, layout_vaults_ring
Vaults:4: st_octagons_1, nicolae_vaults_ninety_degrees, grunt_vaults_diagonal,
          v_misc_10, nicolae_vaults_shelves_hall, ontoclasm_vaults_gateway,
          v_misc_26, vaults_room_fours, vaults_mumra_chevron,
          ontoclasm_vaults_loading_screen, v_misc_17, v_alt_pattern_2,
          nicolae_vaults_rhombus_6, layout_vaults_omnibox, mu_enter_wizlab_7,
          serial_shops, shop, uniq_sojobo
Vaults:5
Depths:1: layout_roguey, rand_demon_pan_entry_9, hell_entry,
          kennysheep_flooded_box, grunt_ministairs_5, lightli_giant_bouncers,
          serial_bayou_shore_b
Depths:2: minmay_the_grid_triangle_9x9_line_8_mashed
          [minmay_the_grid_triangle_9x9_warning,
          minmay_the_grid_triangle_9x9_dagger,
          minmay_the_grid_triangle_9x9_wacky_v,
          minmay_the_grid_triangle_9x9_corrupted_corridor,
          minmay_the_grid_triangle_9x9_limited_checkers,
          minmay_the_grid_triangle_9x9_corruption,
          minmay_the_grid_triangle_9x9_impossible_snake,
          minmay_the_grid_triangle_9x9_prize_insulated], layout_cave_pools,
          minmay_misc_feat_four_crosses, grunt_pan_entry_in_and_out,
          abyss_entry, pf_coc_iceberg
Depths:3: grunt_forest_end_shrine, layout_cave_pools, hell_entry, pan_entry,
          minmay_misc_feat_five
Depths:4: gammafunk_the_bubble [the_bubble_gammafunk_roulette], layout_gridlike,
          grunt_hell_horde, nicolae_abyss_entry_one_way_or_another,
          serial_shops, nicolae_shop_stone, grunt_decor_fettered,
          minmay_shop_grid_forest, minmay_staircase_statues_hall_small,
          firewood_loft
Depths:5: evilmike_zot_entry_hall, layout_basic, enter_ziggurat_a,
          hangedman_abyss_entry_splay, minmay_misc_feat_nine_boxes,
          serial_shops, bzr_entry_safe, hell_entry, minmay_shoptagon
Zot:1:    gammafunk_dig_for_victory, layout_onion_interference,
          grunt_megastairs_2
Zot:2:    layout_misc_corridors, st_large_dragon_hoard_2
Zot:3:    layout_misc_corridors
Zot:4:    layout_basic, gammafunk_ghost_cemetery
Zot:5:    layout_cathedral_of_symmetry

Skill      XL: |  1  2  3  4  5  6  7  8  9 10 11 12 13 14 15 16 17 18 19 20 21 22 23 24 25 26 27 |
---------------+----------------------------------------------------------------------------------+-----
Fighting       | 1 2 4 5 6 7 8 10 12 14 15 16 17 18 19 21 22 | 22.0
Summonings     | 2 3 4 5 7 8 9 10 11 12 13 | 13.0
Air Magic      | 1 4 5 7 8 |  8.0
Poison Magic   | 2 |  2.0
Spellcasting   | 4 5 6 8 9 10 11 12 13 14 | 14.0
Maces & Flails | 3 |  3.8
Dodging        | 3 4 6 7 8 10 11 12 13 14 15 | 15.0
Translocations | 3 5 |  5.0
Invocations    | 2 3 4 5 6 7 9 |  9.0
Evocations     | 2 3 5 6 7 8 9 10 11 12 13 14 16 17 18 | 18.1
Polearms       | 4 6 7 9 10 11 12 | 12.6
Shields        | 1 3 7 9 10 11 12 13 14 15 16 17 18 19 20 | 20.0
Charms         | 2 3 4 6 7 |  7.0
Axes           | 3 5 9 11 14 | 14.1
Necromancy     | 1 5 6 |  6.0
Hexes          | 2 5 |  5.0
Stealth        | 4 |  4.6
Conjurations   | |  1.0

Action                   |  1- 3 |  4- 6 |  7- 9 | 10-12 | 13-15 | 16-18 | 19-21 | 22-24 | 25-27 || total
-------------------------+-------+-------+-------+-------+-------+-------+-------+-------+-------++-------
Melee: Unarmed           |    14 |       |       |       |       |       |       |       |       ||    14
       Constrict         |     9 |    29 |    39 |    73 |   154 |   171 |   191 |   118 |   118 ||   902
       Tentacles         |     6 |    20 |    29 |    96 |   312 |   326 |   443 |   490 |   459 ||  2181
       Dagger            |    21 |    65 |       |       |       |       |       |       |       ||    86
       Mace              |       |    35 |   101 |    16 |       |       |       |       |       ||   152
       Trident           |       |       |   115 |   524 |  1340 |  1323 |  1490 |  1561 |  1229 ||  7582
       Punch             |       |       |     3 |    10 |    28 |    40 |    44 |    65 |    41 ||   231
       Kick              |       |       |       |       |       |       |       |       |    75 ||    75
       Broad axe         |       |       |       |       |       |       |       |       |    43 ||    43
Throw: Stone             |       |       |     3 |     1 |       |       |       |       |       ||     4
       Throwing net      |       |       |       |       |       |       |       |     4 |       ||     4
 Cast: Magic Dart        |    71 |    38 |       |       |       |       |       |       |       ||   109
       Call Imp          |     4 |    53 |    32 |     8 |       |       |       |       |       ||    97
       Blink             |       |     1 |       |     2 |     9 |     1 |     2 |       |     3 ||    18
       Mephitic Cloud    |       |     2 |     5 |    25 |    13 |    22 |       |       |       ||    67
       Slow              |       |     1 |       |       |       |       |       |       |       ||     1
       Call Canine Famil |       |       |       |     4 |     3 |       |       |       |       ||     7
       Summon Forest     |       |       |       |     4 |    30 |    28 |    41 |    25 |    10 ||   138
       Summon Lightning  |       |       |       |       |     4 |     6 |     5 |     2 |       ||    17
       Regeneration      |       |       |       |       |       |     8 |    33 |    15 |    21 ||    77
       Dispel Undead     |       |       |       |       |       |     6 |       |       |       ||     6
       Animate Dead      |       |       |       |       |       |     3 |    26 |    15 |     8 ||    52
       Deflect Missiles  |       |       |       |       |       |       |       |       |     3 ||     3
Invok: Heroism           |       |       |     3 |    21 |    58 |    73 |    60 |    47 |    38 ||   300
       Finesse           |       |       |       |       |     1 |       |       |     1 |     4 ||     6
 Abil: Evoke Invisibilit |       |       |       |       |       |       |       |       |     2 ||     2
Evoke: Wand              |       |     4 |     9 |    19 |    42 |     5 |     1 |     2 |     8 ||    90
       Phial of floods   |       |       |       |       |     2 |       |     1 |       |       ||     3
       Lamp of fire      |       |       |       |       |     1 |     1 |       |       |       ||     2
       Sack of spiders   |       |       |       |       |       |       |       |       |     7 ||     7
       Box of beasts     |       |       |       |       |       |       |       |       |     2 ||     2
  Use: Scroll            |       |     7 |     4 |    25 |    14 |    16 |     4 |    16 |    18 ||   104
       Potion            |       |     1 |       |       |     4 |     5 |     1 |     2 |     6 ||    19
 Stab: Sleeping          |       |     3 |     6 |    13 |    22 |    11 |    17 |    14 |     6 ||    92
       Confused          |       |     1 |     4 |     8 |     2 |    14 |       |       |       ||    29
       Distracted        |       |       |     1 |     5 |    14 |    11 |    36 |    29 |    14 ||   110
       Held in net/web   |       |       |       |       |       |       |       |     1 |       ||     1
       Invisible         |       |       |       |       |       |       |       |       |     3 ||     3
  Eat: Chunk             |     3 |    10 |    15 |    32 |    33 |    17 |    19 |    17 |     4 ||   150
       Ration            |       |     2 |     1 |     2 |    12 |    14 |     9 |     8 |    11 ||    59
Armor: Skin              |     2 |    15 |    19 |    29 |    40 |    41 |    16 |    29 |    17 ||   208
Dodge: Dodged            |    24 |    65 |   120 |   317 |   665 |   504 |   313 |   332 |   201 ||  2541
       Deflected         |       |       |       |       |       |       |       |       |     8 ||     8
Block: Buckler           |       |       |    12 |    80 |   102 |       |       |       |       ||   194
       Shield            |       |       |       |       |   363 |   437 |       |       |       ||   800
       Large shield      |       |       |       |       |       |   150 |  1019 |  1222 |   843 ||  3234
       Reflection        |       |       |       |       |       |       |       |    84 |    27 ||   111

Table legend:
 A = Non-vault XP
 B = Vault XP
 C = Vault XP percentage of total XP
 D = Non-vault monster count
 E = Vault monster count
 F = Vault count percentage of total count
                 A         B        C        D         E       F
            +---------+---------+-------+---------+---------+-------
      Total |  696123 |  708771 |  50.5 |    1415 |     851 |  37.6
            +---------+---------+-------+---------+---------+-------
        D:1 |      34 |       0 |   0.0 |      19 |       0 |   0.0
        D:2 |      60 |       0 |   0.0 |      22 |       0 |   0.0
        D:3 |     159 |     311 |  66.2 |      40 |       2 |   4.8
        D:4 |     310 |     966 |  75.7 |      18 |       4 |  18.2
        D:5 |     285 |       0 |   0.0 |      16 |       0 |   0.0
        D:7 |     760 |       0 |   0.0 |      22 |       0 |   0.0
        D:8 |    1231 |     876 |  41.6 |      18 |       1 |   5.3
        D:9 |    1405 |       0 |   0.0 |      35 |       0 |   0.0
       D:10 |    1120 |     905 |  44.7 |      20 |       1 |   4.8
       D:11 |    2358 |       0 |   0.0 |      23 |       0 |   0.0
       D:12 |    6396 |     725 |  10.2 |      45 |       2 |   4.3
       D:13 |    4206 |    5191 |  55.2 |      17 |       8 |  32.0
       D:14 |    6343 |    8291 |  56.7 |      24 |      25 |  51.0
       D:15 |    8920 |    4249 |  32.3 |      25 |      12 |  32.4
     Lair:1 |    3485 |    3034 |  46.5 |      17 |      27 |  61.4
     Lair:2 |    1401 |    1478 |  51.3 |       7 |       7 |  50.0
     Lair:3 |    4074 |    1255 |  23.6 |      13 |       7 |  35.0
     Lair:4 |    9094 |     162 |   1.8 |      27 |       1 |   3.6
     Lair:5 |    7025 |       0 |   0.0 |      20 |       0 |   0.0
     Lair:6 |    6453 |   13909 |  68.3 |      22 |      34 |  60.7
    Swamp:1 |   14199 |       0 |   0.0 |      31 |       0 |   0.0
    Swamp:2 |    7462 |       0 |   0.0 |      21 |       0 |   0.0
    Swamp:3 |   12627 |       0 |   0.0 |      38 |       0 |   0.0
    Swamp:4 |    7839 |   13817 |  63.8 |      26 |      46 |  63.9
   Spider:1 |    8648 |    2036 |  19.1 |      26 |       1 |   3.7
   Spider:2 |   14324 |   14200 |  49.8 |      43 |      28 |  39.4
   Spider:3 |    4850 |     225 |   4.4 |      14 |       1 |   6.7
   Spider:4 |    9439 |   20950 |  68.9 |      32 |      37 |  53.6
    Slime:1 |    1408 |       0 |   0.0 |       7 |       0 |   0.0
    Slime:2 |   12359 |       0 |   0.0 |      25 |       0 |   0.0
    Slime:3 |    3864 |       0 |   0.0 |       7 |       0 |   0.0
    Slime:4 |    7776 |    3910 |  33.5 |       6 |       2 |  25.0
    Slime:5 |    6349 |   21495 |  77.2 |      11 |      10 |  47.6
      Orc:1 |    2588 |       0 |   0.0 |      27 |       0 |   0.0
      Orc:2 |     988 |    6572 |  86.9 |      23 |      72 |  75.8
      Elf:1 |   23839 |    9454 |  28.4 |      36 |      16 |  30.8
      Elf:2 |   22087 |    2712 |  10.9 |      35 |       3 |   7.9
      Elf:3 |    5107 |   42915 |  89.4 |       9 |      31 |  77.5
   Vaults:1 |   38908 |   27092 |  41.0 |      72 |      41 |  36.3
   Vaults:2 |   22468 |    7483 |  25.0 |      45 |       7 |  13.5
   Vaults:3 |   32116 |   37551 |  53.9 |      52 |      48 |  48.0
   Vaults:4 |   32936 |   49991 |  60.3 |      51 |      57 |  52.8
   Vaults:5 |   23166 |  110235 |  82.6 |      29 |      79 |  73.1
   Depths:1 |   23886 |   20985 |  46.8 |      28 |      17 |  37.8
   Depths:2 |   35921 |   33603 |  48.3 |      42 |      35 |  45.5
   Depths:3 |   41093 |   19963 |  32.7 |      57 |      17 |  23.0
   Depths:4 |   33051 |    4393 |  11.7 |      38 |      11 |  22.4
   Depths:5 |   41618 |   18559 |  30.8 |      43 |      11 |  20.4
      Zot:1 |   15890 |       0 |   0.0 |       8 |       0 |   0.0
      Zot:2 |   39756 |       0 |   0.0 |      25 |       0 |   0.0
      Zot:3 |   11728 |       0 |   0.0 |       5 |       0 |   0.0
      Zot:4 |    9506 |       0 |   0.0 |       6 |       0 |   0.0
      Zot:5 |   50629 |  150125 |  74.8 |      35 |      39 |  52.7
      Zig:1 |     825 |       0 |   0.0 |       2 |       0 |   0.0
      Zig:2 |    3261 |       0 |   0.0 |       3 |       0 |   0.0
      Zig:3 |    2490 |       0 |   0.0 |       3 |       0 |   0.0
      Zig:4 |    6003 |       0 |   0.0 |       4 |       0 |   0.0
      IceCv |       0 |    8564 | 100.0 |       0 |      35 | 100.0
    Volcano |       0 |    6649 | 100.0 |       0 |      22 | 100.0
     WizLab |       0 |   29121 | 100.0 |       0 |      40 | 100.0
   Gauntlet |       0 |    4819 | 100.0 |       0 |      14 | 100.0
            +---------+---------+-------+---------+---------+-------
